 Dungeon Crawl Stone Soup version 0.29-a0-111-gbaf749a769 (webtiles) character file.

Game seed: 3944605079733456641

8006 siradein the Thaumaturge (level 11, -14/54 HPs)
             Began as a Deep Elf Conjurer on Feb 17, 2022.
             Was a Priest of Vehumet.
             Killed from afar by an electric eel (15 damage)
             ... with a bolt of electricity
             ... on level 10 of the Dungeon on Feb 18, 2022.
             The game lasted 01:04:58 (11478 turns).

siradein the Thaumaturge (Deep Elf Conjurer)       Turns: 11478, Time: 01:04:59

Health: -14/54     AC:  5    Str:  4    XL:     11   Next: 4%
Magic:  25/36      EV: 14    Int: 28    God:    Vehumet [***...]
Gold:   282        SH:  0    Dex: 13    Spells: 2/30 levels left

rFire   . . .      SeeInvis .   B - staff of conjuration
rCold   . . .      Faith    .   (no shield)
rNeg    . . .      Spirit   .   y - +0 troll leather armour
rPois   .          Reflect  .   (no helmet)
rElec   .          Harm     .   c - +0 cloak
rCorr   .          Rampage  .   (no gloves)
Will    +....                   (no boots)
Stlth   ++........              (no amulet)
HPRegen 0.98/turn               o - ring of magical power
MPRegen 0.25/turn               C - ring of wizardry

@: no status effects
A: no striking features
a: Renounce Religion


You were on level 10 of the Dungeon.
You worshipped Vehumet.
Vehumet was most pleased with you.
You visited 2 branches of the dungeon, and saw 11 of its levels.

You collected 581 gold pieces.
You spent 299 gold pieces at shops.

Inventory:

Armour
 c - a +0 cloak (worn)
 y - a +0 troll leather armour (worn)
Magical Staves
 z - a staff of earth
 B - a staff of conjuration (weapon)
Jewellery
 o - a ring of magical power (left hand)
 C - a ring of wizardry (right hand)
Wands
 q - a wand of paralysis (3)
 w - a wand of flame (48)
 F - a wand of polymorph (4)
Scrolls
 a - 3 scrolls of enchant armour
 b - 2 scrolls of magic mapping
 d - 3 scrolls of teleportation
 g - 4 scrolls of immolation
 k - a scroll of blinking
 n - 4 scrolls of enchant weapon
 r - 2 scrolls of silence
 u - a scroll of brand weapon
 v - a scroll of vulnerability {unknown}
 x - 3 scrolls of fog
 A - a scroll of fear
Potions
 e - a potion of ambrosia
 f - a potion of berserk rage
 h - a potion of mutation
 i - a potion of lignification
 j - a potion of invisibility
 l - 3 potions of curing
 m - a potion of flight
 p - 3 potions of brilliance
 s - 2 potions of heal wounds
 t - 2 potions of might
 D - a potion of resistance {unknown}
 G - a potion of cancellation {unknown}


   Skills:
 + Level 9.3 Dodging
 - Level 2.4 Stealth
 + Level 10.2 Spellcasting
 + Level 9.3 Conjurations
 + Level 7.5 Hexes
 + Level 2.1 Summonings
 + Level 6.3 Translocations
 - Level 5.2 Air Magic
 - Level 5.0 Poison Magic


You had 2 spell levels left.
You knew the following spells:

 Your Spells              Type           Power      Damage    Failure   Level
a - Magic Dart            Conj           100%       1d8       1%          1
b - Searing Ray           Conj           100%       2d8       1%          2
c - Dazzling Flash        Conj/Hex       100%       N/A       1%          3
d - Fulminant Prism       Conj/Hex       37%        3d18      1%          4
e - Iskenderun's Mystic   Conj/Tloc      72%        2d15      1%          4
f - Mephitic Cloud        Conj/Pois/Air  66%        N/A       1%          3
g - Passage of Golubria   Tloc           50%        N/A       1%          4
h - Summon Hydra          Summ           13%        N/A       100%        7

Your spell library contained the following spells:

 Spells                   Type           Power      Damage    Failure   Level
 Stone Arrow              Conj/Erth      100%       3d13      1%          3
 Foxfire                  Conj/Fire      100%       2x1d9     1%          1
 Call Imp                 Summ           26%        N/A       1%          2
 Corpse Rot               Necr/Air       56%        N/A       1%          2
 Poisonous Vapours        Pois/Air       86%        N/A       1%          2
 Scorch                   Fire           28%        2d6       1%          2
 Confusing Touch          Hex            54%        N/A       1%          3
 Portal Projectile        Hex/Tloc       100%       N/A       1%          3
 Tukima's Dance           Hex            54%        N/A       1%          3
 Call Canine Familiar     Summ           26%        N/A       3%          3
 Yara's Violent Unravell  Hex/Tmut       17%        3d8       4%          5
 Leda's Liquefaction      Hex/Erth       17%        N/A       6%          4
 Ozocubu's Armour         Ice            14%        N/A       9%          3
 Metabolic Englaciation   Hex/Ice        17%        N/A       16%         5
 Enfeeble                 Hex            27%        N/A       69%         7
 Simulacrum               Ice/Necr       7%         N/A       98%         6
 Dragon's Call            Summ           13%        N/A       100%        9


Dungeon Overview and Level Annotations

Branches:
Dungeon (10/15)            Temple (1/1) D:5
   Lair: D:8-11         Orc: D:9-12

Altars:
Ashenzari
Cheibriados
Elyvilon
Fedhas
Gozag
Kikubaaqudgha
Nemelex Xobeh
Okawaru
Qazlal
Vehumet
Wu Jian
Xom
Zin
The Shining One

Shops:
D:6 ?   D:9 *

Annotations:
D:5 1 transporter, jlumianski's ghost, novice HOFE


Message History

The bolt of electricity hits you.
You feel a surge of power!
The magic dart hits the electric eel.
You kill the electric eel!
Vehumet accepts your kill.
You hear a splash.
An electric eel comes into view.
You feel a surge of power!
The magic dart hits the electric eel.
The electric eel is moderately wounded.
You feel a surge of power!
The magic dart hits the electric eel.
The electric eel is moderately wounded.
You feel a surge of power!
The magic dart hits the electric eel.
The electric eel is severely wounded.
The electric eel shoots out a bolt of lightning at you!
The bolt of electricity misses you.
You feel a surge of power!
The magic dart hits the electric eel.
The electric eel is severely wounded.
The electric eel shoots out a bolt of lightning at you!
The bolt of electricity misses you.
You feel a surge of power!
The magic dart hits the electric eel.
The electric eel is almost dead.
You feel a surge of power!
The magic dart hits the electric eel.
The electric eel is almost dead.
An electric eel comes into view.
The electric eel shoots out a bolt of lightning at you!
The bolt of electricity hits you!
You feel a surge of power!
The magic dart hits the electric eel but does no damage.
The electric eel is almost dead.
The electric eel shoots out a bolt of lightning at you!
The bolt of electricity hits you!
The electric eel shoots out a bolt of lightning at you!
The bolt of electricity hits you.
* * * LOW HITPOINT WARNING * * *
An orc wizard comes into view. It is wielding a +0 dagger.
The electric eel shoots out a bolt of lightning at you!
The bolt of electricity hits you!
* * * LOW HITPOINT WARNING * * *
The electric eel shoots out a bolt of lightning at you!
The bolt of electricity hits you!
You die...

≈≈≈≈≈≈........o........#.
≈S.≈...................##
≈S..≈....................
..[................>.....
.........................
.........................
.........††...).....†....
...<.....................
........@..............##
.......................#
.......................#
..............##########
..............#
#####.........#
#.........# #.........#


You could see 2 electric eels.

Vanquished Creatures
  Erica (D:9)
  Joseph (D:9)
  3 trolls (D:10)
  2 hornets
  Prince Ribbit (D:8)
  6 slime creatures
  A shadow (D:9)
  6 yaks (D:8)
  A steam dragon (D:8)
  Menkaure (D:4)
  An acid dragon (D:9)
  2 water moccasins
  2 orc warriors (D:6)
  2 sky beasts (D:6)
  2 necrophages (D:5)
  4 centaurs
  A wolf (D:10)
  A phantom (D:6)
  3 kobold brigands
  2 bullfrogs
  A scorpion (D:6)
  12 killer bees
  7 howler monkeys
  2 electric eels (D:10)
  2 bullfrog zombies
  3 centaur zombies
  4 orc priests
  5 hounds
  2 jellies
  A centaur skeleton (D:7)
  Ijyb (D:3)
  Terence (D:3)
  2 iguanas (D:5)
  An orc wizard (D:9)
  2 killer bee zombies
  A howler monkey zombie (D:8)
  7 gnolls
  7 adders
  A white imp (D:6)
  3 worms
  4 dart slugs
  17 orcs
  4 ball pythons
  3 endoplasms
  5 giant cockroaches
  5 goblins
  3 hobgoblins
  4 jackals
  2 quokkas
  6 bats
  3 frilled lizards (D:2)
  24 kobolds
  6 rats
194 creatures vanquished.

Vanquished Creatures (others)
  12 fulminant prisms
12 creatures vanquished.

Grand Total: 206 creatures vanquished

Notes
Turn   | Place    | Note
-------+----------+-------------------------------------------
     0 | D:1      | siradein the Deep Elf Conjurer began the quest for the Orb.
     0 | D:1      | Reached XP level 1. HP: 10/10 MP: 6/6
    88 | D:1      | Found a faded altar of an unknown god.
   162 | D:1      | Reached XP level 2. HP: 15/15 MP: 4/8
   169 | D:1      | Learned a level 2 spell: Searing Ray
   782 | D:2      | Reached XP level 3. HP: 19/19 MP: 6/10
  1149 | D:2      | Reached skill level 4 in Spellcasting
  1441 | D:2      | Reached skill level 5 in Conjurations
  1496 | D:2      | Found a glowing golden altar of the Shining One.
  1613 | D:3      | Reached XP level 4. HP: 24/24 MP: 9/12
  1785 | D:3      | Found an iron altar of Okawaru.
  1785 | D:3      | Found a stormy altar of Qazlal.
  1785 | D:3      | Found a glowing silver altar of Zin.
  1785 | D:3      | Found an opulent altar of Gozag.
  1791 | D:3      | Found a snail-covered altar of Cheibriados.
  1791 | D:3      | Found a shimmering altar of Xom.
  1948 | D:3      | Noticed Terence
  1954 | D:3      | Learned a level 3 spell: Dazzling Flash
  1959 | D:3      | Learned a level 4 spell: Fulminant Prism
  1968 | D:3      | Killed Terence
  2205 | D:3      | Noticed Ijyb
  2216 | D:3      | Paralysed by Ijyb for 4 turns
  2222 | D:3      | Killed Ijyb
  2223 | D:3      | Reached XP level 5. HP: 16/28 MP: 2/14
  2708 | D:4      | Noticed Menkaure
  2713 | D:4      | Killed Menkaure
  2714 | D:4      | Reached skill level 5 in Spellcasting
  2714 | D:4      | Reached XP level 6. HP: 17/32 MP: 16/16
  2925 | D:4      | Learned a level 4 spell: Iskenderun's Mystic Blast
  3113 | D:4      | Got the Incunabulum of the Volcanoes and Summoning
  3130 | D:4      | Reached skill level 5 in Dodging
  3212 | D:4      | Found an ancient bone altar of Kikubaaqudgha.
  3215 | D:4      | Found a blossoming altar of Fedhas.
  3603 | D:5      | Entered Level 5 of the Dungeon
  3639 | D:5      | Found a radiant altar of Vehumet.
  3662 | D:5      | Became a worshipper of Vehumet
  3749 | D:5      | Reached skill level 6 in Spellcasting
  3896 | D:5      | Reached XP level 7. HP: 36/36 MP: 18/18
  4008 | D:5      | Found a staircase to the Ecumenical Temple.
  4010 | D:5      | Identified the +0 ring mail of the Yeti {MP+9 Int+4}
  4031 | Temple   | Entered the Ecumenical Temple
  4228 | D:5      | Reached skill level 1 in Hexes
  4306 | D:5      | Noticed jlumianski's ghost (novice HOFE)
  4307 | D:5      | Found a transporter.
  4474 | D:5      | Found an ornate altar of the Wu Jian Council.
  4542 | D:6      | Found a broken altar of Ashenzari.
  4560 | D:6      | Reached skill level 1 in Translocations
  4815 | D:6      | Reached skill level 7 in Spellcasting
  5262 | D:6      | Reached XP level 8. HP: 35/41 MP: 20/20
  5266 | D:6      | Learned a level 3 spell: Mephitic Cloud
  5694 | D:6      | Reached skill level 1 in Air Magic
  5694 | D:6      | Reached skill level 1 in Poison Magic
  5795 | D:6      | Found Fiesonosm's Magic Scroll Shop.
  5845 | D:6      | Reached * piety under Vehumet
  5845 | D:6      | Offered knowledge of Sandblast by Vehumet.
  6154 | D:6      | Bought a scroll of identify for 28 gold pieces
  6154 | D:6      | Bought a scroll of identify for 28 gold pieces
  6154 | D:6      | Bought a scroll of identify for 28 gold pieces
  6154 | D:6      | Bought a scroll of fear for 49 gold pieces
  6154 | D:6      | Bought a scroll of fog for 28 gold pieces
  6154 | D:6      | Bought a scroll of identify for 28 gold pieces
  6205 | D:6      | Found a white marble altar of Elyvilon.
  6660 | D:7      | Noticed a hornet
  6681 | D:7      | Killed a hornet
  6751 | D:7      | Found a sparkling altar of Nemelex Xobeh.
  6752 | D:7      | Identified a scroll of acquirement
  6856 | D:7      | Acquired a staff of conjuration
  6933 | D:7      | Reached skill level 8 in Spellcasting
  7221 | D:7      | Reached XP level 9. HP: 45/45 MP: 23/23
  7625 | D:7      | Learned a level 4 spell: Passage of Golubria
  7663 | D:8      | Noticed Prince Ribbit
  7781 | D:8      | Killed Prince Ribbit
  7996 | D:8      | Reached ** piety under Vehumet
  8054 | D:8      | Reached skill level 5 in Hexes
  8249 | D:8      | Offered knowledge of Static Discharge by Vehumet.
  8258 | D:8      | Reached skill level 9 in Spellcasting
  8809 | D:9      | Noticed Erica
  8821 | D:9      | Killed Erica
  8822 | D:9      | Reached skill level 5 in Translocations
  8822 | D:9      | Reached XP level 10. HP: 48/50 MP: 25/25
  9036 | D:9      | Found Unuixeah's General Store.
  9044 | D:9      | Bought a scroll of magic mapping for 45 gold pieces
  9044 | D:9      | Bought a potion of curing for 39 gold pieces
  9044 | D:9      | Bought a scroll of identify for 26 gold pieces
  9350 | D:9      | Noticed Joseph
  9366 | D:9      | Killed Joseph
  9367 | D:9      | Reached skill level 5 in Poison Magic
  9833 | D:10     | Entered Level 10 of the Dungeon
 10258 | D:10     | Learned a level 7 spell: Summon Hydra
 10473 | D:10     | Reached skill level 5 in Air Magic
 10610 | D:9      | Reached skill level 1 in Summonings
 11055 | D:10     | Offered knowledge of Stone Arrow by Vehumet.
 11056 | D:10     | Reached skill level 10 in Spellcasting
 11323 | D:10     | Reached XP level 11. HP: 54/54 MP: 21/27
 11340 | D:10     | Reached *** piety under Vehumet
 11478 | D:10     | HP: 1/54 [electric eel/bolt of electricity (14)]
 11478 | D:10     | Killed from afar by an electric eel

Illustrated notes

Levels and vault maps discovered:
D:1:      amcnicky_arrival_gap_in_the_tavern_cellar, layout_rooms,
          ebering_ecumenical_altar_sacrificial, grunt_decor_mini_mirrors
D:2:      minmay_evil_eye, layout_basic, basic_altar
D:3:      layout_basic, minmay_overflow_temple_hex, nicolae_figureground_pulse,
          uniq_ijyb, uniq_terence
D:4:      layout_loops_ring, grunt_temple_overflow_growth_and_decay,
          uniq_menkaure
D:5:      layout_loops_ring, kennysheep_mini_moat, nicolae_vehumet_radiance,
          minmay_temple_entry_offerings, gammafunk_ghost_smash, st_stairs_12
D:6:      layout_loops_cross, nicolae_elyvilon_peaceful_grove,
          old_standard_altar, serial_shops, nicolae_shop_hallway_stairs
D:7:      layout_layer_cave, pf_just_have_faith
D:8:      layout_basic, centaur_isle, uniq_prince_ribbit1
D:9:      layout_roguey, serial_shops, nicolae_shop_trees, uniq_erica,
          uniq_joseph
D:10:     layout_gridville, erik_lair_island, orc_0_dummy
Temple:   jpeg_temple_island

Skill      XL: |  1  2  3  4  5  6  7  8  9 10 11 |
---------------+----------------------------------+-----
Dodging        | 3 4 5 6 7 8 9 |  9.3
Spellcasting   | 4 5 6 7 8 9 10 | 10.2
Conjurations   | 5 6 7 8 9 |  9.3
Hexes          | 2 4 6 7 |  7.5
Translocations | 2 3 5 6 |  6.3
Air Magic      | 2 4 5 |  5.2
Poison Magic   | 2 4 5 |  5.0
Summonings     | 1 2 |  2.1
Stealth        | |  2.4

Action                   |  1- 3 |  4- 6 |  7- 9 | 10-12 || total
-------------------------+-------+-------+-------+-------++-------
 Cast: Magic Dart        |    87 |    52 |    50 |    65 ||   254
       Searing Ray       |     1 |    18 |    46 |    29 ||    94
       Dazzling Flash    |       |     1 |     3 |       ||     4
       Mephitic Cloud    |       |       |    11 |    16 ||    27
       Iskenderun's Myst |       |       |    20 |    27 ||    47
       Fulminant Prism   |       |       |     5 |     7 ||    12
  Use: Scroll            |       |     5 |    11 |     4 ||    20
       Potion            |       |       |       |     1 ||     1
Armor: Robe              |     1 |       |       |       ||     1
       Leather armour    |     3 |     5 |       |       ||     8
       Ring mail         |       |       |    30 |       ||    30
       Acid dragon scale |       |       |       |     7 ||     7
       Troll leather arm |       |       |       |     2 ||     2
Dodge: Dodged            |     5 |    13 |    50 |    29 ||    97

Table legend: (Time is in decaauts)
 A = Elapsed time spent in this place.
 B = Non-inter-level travel time spent in this place.
 C = Inter-level travel time spent in this place.
 D = Time resting spent in this place.
 E = Time spent auto-exploring this place.
 F = Levels seen in this place.
 G = Mean time per level.
                   A        B        C        D        E       F      G
               +--------+--------+--------+--------+--------+-----+--------+
         Total |  11490 |  11327 |    163 |   1389 |   8371 |  11 | 1044.5 |
       Dungeon |  11476 |  11313 |    163 |   1389 |   8371 |  10 | 1147.6 |
        Temple |     13 |     13 |      0 |      0 |      0 |   1 |   13.0 |
               +--------+--------+--------+--------+--------+-----+--------+

Top non-repeatable levels by time:
     D:9: 1870 daAuts
     D:7: 1709 daAuts
     D:6: 1419 daAuts
     D:5: 1345 daAuts
     D:3: 1038 daAuts
     D:4: 1004 daAuts
     D:2: 864 daAuts
    D:10: 801 daAuts
     D:8: 729 daAuts
     D:1: 693 daAuts
  Temple: 13 daAuts
